 Dungeon Crawl Stone Soup version 0.29-a0-275-g389c0b56f3 (webtiles) character file.

Game seed: 13521423500891088095

128 bande the Covered (level 5, 0/33 HPs)
             Began as a Gargoyle Fighter on Mar 10, 2022.
             Slain by Natasha (7 damage)
             ... on level 2 of the Dungeon.
             The game lasted 00:02:17 (2081 turns).

bande the Covered (Gargoyle Fighter)                Turns: 2081, Time: 00:02:18

Health: 0/33       AC: 12    Str: 20    XL:     5   Next: 12%
Magic:  5/5        EV:  9    Int:  8    God:
Gold:   116        SH:  4    Dex: 11    Spells: 4/4 levels left

rFire   . . .      SeeInvis .   a - +0 war axe
rCold   . . .      Faith    .   c - +0 buckler
rNeg    + . .      Spirit   .   b - +0 scale mail
rPois   ∞          Reflect  .   g - +0 helmet
rElec   +          Harm     .   (no cloak)
rCorr   .          Rampage  .   (no gloves)
Will    .....                   (no boots)
Stlth   ..........              (no amulet)
HPRegen 0.11/turn               (no ring)
MPRegen 0.09/turn               (no ring)

@: slowed, very slow
A: sickness immunity, AC +4, negative energy resistance 1, electricity
resistance, torment resistance 1, petrification resistance
a: no special abilities


You were on level 2 of the Dungeon.
You visited 1 branch of the dungeon, and saw 2 of its levels.

You collected 116 gold pieces.

Inventory:

Hand Weapons
 a - a +0 war axe (weapon)
 f - a +0 war axe
Armour
 b - a +0 scale mail (worn)
 c - a +0 buckler (worn)
 g - a +0 helmet (worn)
Jewellery
 e - a +6 ring of intelligence
Scrolls
 h - a scroll of identify {unknown}
Potions
 d - a potion of might
 i - a potion of degeneration {unknown}


   Skills:
 + Level 3.9 Fighting
 + Level 3.4 Axes
 + Level 4.0 Armour
 + Level 4.0 Shields


You had 4 spell levels left.
You didn't know any spells.
Your spell library contained the following spells:

 Spells                   Type           Power      Damage    Failure   Level
 Ignite Poison            Fire/Tmut/Pois 0%         N/A       99%         3
 Mephitic Cloud           Conj/Pois/Air  0%         N/A       99%         3
 Freezing Cloud           Conj/Ice/Air   0%         6-21      100%        5


Dungeon Overview and Level Annotations

Branches:
Dungeon (2/15)

Altars:
Qazlal

Annotations:
D:2 Natasha


Innate Abilities, Weirdness & Mutations

You are immune to sickness and miasma.
Your stone body is resilient. (AC +4)
You are immune to poison.
You resist negative energy. (rN+)
You are resistant to electric shocks. (rElec)
You are resistant to unholy torment.
You are immune to petrification.


Message History

You closely miss Natasha.
Natasha is moderately wounded.
You block Natasha's attack.
You hit Natasha.
Natasha is moderately wounded.
Natasha casts a spell at you.
You feel yourself slow down. Natasha claws you but does no damage.
You hit Natasha.
Natasha is severely wounded.
Natasha barely misses you.
Natasha zaps a wand.
The puff of flame misses you.
You barely miss Natasha.
Natasha is severely wounded.
Natasha casts a spell at you. The magic dart hits you.
You block Natasha's attack.
You are too injured to fight recklessly!
You are too injured to fight recklessly!
You are too injured to fight recklessly!
You are too injured to fight recklessly!
You are too injured to fight recklessly!
You are too injured to fight recklessly!
You are too injured to fight recklessly!
You are too injured to fight recklessly!
You are too injured to fight recklessly!
You are too injured to fight recklessly!
You barely miss Natasha.
Natasha is severely wounded.
Natasha closely misses you. Natasha claws you but does no damage.
You barely miss Natasha.
Natasha is severely wounded.
Natasha claws you but does no damage.
Natasha zaps a wand.
The puff of flame hits you.
You barely miss Natasha.
Natasha is severely wounded.
Natasha claws you.
* * * LOW HITPOINT WARNING * * *
Natasha closely misses you.
You barely miss Natasha.
Natasha is severely wounded.
Natasha claws you!
You die...

###########.#
##.#.###.###..#
#.# .........##.#
#.##.#.####..###.#
########.##.#
#.###............#
#.##.# #.#
#######..#####
#.##.# #.#
#......# #.##.#
#.# #.......
#######.##.# #.#
#...##..
#..........# #.#
#########..
#.#####.#### #@#
#...####... #.#
#[# #h#
#........#.
##.#####.# #.#
#...####...
..[......# ..#
##.## ####
##.#######.# ###
#.# #.# #.# #.#
#.# #.# #.# #.#
#.# ##.## #.# #.#
##...##


You could see Natasha.

Vanquished Creatures
  Natasha (twice) (D:2)
  3 adders (D:2)
  2 dart slugs
  3 ball pythons
  8 bats
  5 endoplasms
  5 hobgoblins (D:1)
  3 quokkas (D:2)
  7 goblins
  6 kobolds
  4 rats
48 creatures vanquished.

Vanquished Creatures (others)
  3 plants (D:1)
3 creatures vanquished.

Grand Total: 51 creatures vanquished

Notes
Turn   | Place    | Note
-------+----------+-------------------------------------------
     0 | D:1      | bande the Gargoyle Fighter began the quest for the Orb.
     0 | D:1      | Reached XP level 1. HP: 14/14 MP: 1/1
   503 | D:1      | Reached XP level 2. HP: 19/19 MP: 2/2
   889 | D:1      | Reached XP level 3. HP: 16/23 MP: 3/3
  1227 | D:2      | Noticed Natasha
  1239 | D:2      | Killed Natasha
  1240 | D:2      | Reached XP level 4. HP: 4/29 MP: 4/4
  1716 | D:2      | Found a stormy altar of Qazlal.
  1785 | D:2      | Noticed Natasha
  1813 | D:2      | Killed Natasha
  1860 | D:2      | Reached XP level 5. HP: 31/33 MP: 5/5
  2066 | D:2      | Noticed Natasha
  2081 | D:2      | Slain by Natasha

Illustrated notes

Levels and vault maps discovered:
D:1:      tarquinn_simple_flora_water_b, layout_rooms, serial_bayou_pond_a
D:2:      layout_loops_ring, basic_altar, uniq_natasha

Skill      XL: |  1  2  3  4  5 |
---------------+----------------+-----
Axes           | 2 3 |  3.4
Armour         | 4 |  4.0
Shields        | 4 |  4.0
Fighting       | |  3.9

Action                   |  1- 3 |  4- 6 || total
-------------------------+-------+-------++-------
Melee: War axe           |    96 |    63 ||   159
  Use: Potion            |       |     2 ||     2
Armor: Scale mail        |    46 |    29 ||    75
Dodge: Dodged            |    61 |    39 ||   100
Block: Buckler           |    25 |    13 ||    38

Table legend: (Time is in decaauts)
 A = Elapsed time spent in this place.
 B = Non-inter-level travel time spent in this place.
 C = Inter-level travel time spent in this place.
 D = Time resting spent in this place.
 E = Time spent auto-exploring this place.
 F = Levels seen in this place.
 G = Mean time per level.
                   A        B        C        D        E       F      G
               +--------+--------+--------+--------+--------+-----+--------+
         Total |   2150 |   2133 |     17 |    641 |   1113 |   2 | 1075.0 |
       Dungeon |   2150 |   2133 |     17 |    641 |   1113 |   2 | 1075.0 |
               +--------+--------+--------+--------+--------+-----+--------+

Top non-repeatable levels by time:
     D:1: 1120 daAuts
     D:2: 1030 daAuts
